 Dungeon Sprint DCSS version 0.28.0-53-g5a82cb258f (webtiles) character file.

Game seed: 6421251838078340672

20382 Zeld the Executioner (level 12, -3/132 (138) HPs)
             Began as a Minotaur Berserker on June 8, 2022.
             Was the Champion of Trog.
             Slain by an orange demon (7 damage)
             ... summoned by an orc high priest
             ... in the Dungeon (Sprint III: "The Ten Rune Challenge").
             The game lasted 00:06:07 (7268 turns).

Zeld the Executioner (Minotaur Berserker)           Turns: 7268, Time: 00:06:08

HP:   -3/132 (138)  AC: 19    Str: 27    XL:     12   Next: 44%
MP:   11/11         EV: 12    Int:  4    God:    Trog [******]
Gold: 1513          SH:  0    Dex: 10    Spells: 11/11 levels left

rFire   . . .      SeeInvis .   b - +8 executioner's axe (flame)
rCold   . . .      Faith    .   (shield currently unavailable)
rNeg    . . .      Spirit   .   s - +0 plate armour {rPois}
rPois   +          Reflect  .   v - +1 hat {Stlth+}
rElec   .          Harm     .   t - +0 cloak
rCorr   .          Rampage  .   (no gloves)
Will    .....      NoTele   +   (no boots)
Stlth   ..........              (no amulet)
HPRegen 0.32/turn               (no ring)
MPRegen 0.12/turn               (no ring)

@: on berserk cooldown, slowed, lightly drained, very slow
A: horns 2, retaliatory headbutt
a: Renounce Religion, Berserk, Trog's Hand, Brothers in Arms


You were in the Dungeon.
You worshipped Trog.
Trog was exalted by your worship.
You visited 1 branch You collected 1639 gold pieces.
You spent 126 gold pieces at shops.

Inventory:

Hand Weapons
 a - a +4 antimagic executioner's axe
 b - a +8 executioner's axe of flaming (weapon)
Armour
 s - a +0 plate armour of poison resistance (worn)
 t - a +0 cloak (worn)
 v - a +1 hat of stealth (worn)
Jewellery
 h - a ring of protection from cold
Wands
 q - a wand of iceblast (4)
Scrolls
 i - a scroll of vulnerability {unknown}
 j - a scroll of immolation {unknown}
 k - a scroll of magic mapping {unknown}
 n - a scroll of torment {unknown}
 o - 2 scrolls of identify
Potions
 c - 2 potions of curing
 e - 2 potions of haste
 f - 4 potions of magic
 g - 2 potions of berserk rage
 l - 3 potions of flight {unknown}
 m - 4 potions of mutation
 p - a potion of invisibility {unknown}
 u - a potion of degeneration {unknown}
Miscellaneous
 r - a piece from Xom's chessboard (15/15)


   Skills:
 * Level 22.2 Fighting
 * Level 22.3 Axes
 + Level 16.0 Armour
 + Level 14.8 Dodging


You had 11 spell levels left.
You didn't know any spells.
Your spell library was empty.

Dungeon Overview and Level Annotations

Branches:
Dungeon (1/1)

Altars:
Cheibriados
Dithmenos
Elyvilon
Fedhas
Gozag
Hepliaklqana
Kikubaaqudgha
Makhleb
Nemelex Xobeh
Okawaru
Qazlal
Ru
Sif Muna
Trog
Uskayaw
Vehumet
Wu Jian
Xom
Yredelemnul
Zin
The Shining One
Beogh
Jiyva
Lugonu

Shops:
D [


Innate Abilities, Weirdness & Mutations

You have a pair of horns on your head.
You reflexively headbutt those who attack you in melee.


Message History

You feel sick.
Unknown command.
The orc high priest hits you but does no damage.
You feel a strong urge to attack something.
You feel sick.
The soul eater draws from the surrounding life force!
* * * LOW HITPOINT WARNING * * *
The orc high priest barely misses you.
You are no longer berserk.
You are exhausted.
You feel yourself slow down.
You feel sick.
You are no longer poisoned.
Unknown command.
Unknown command.
You closely miss the soul eater. You headbutt the soul eater!
The soul eater is moderately wounded.
The orc high priest utters an invocation to Beogh.
The soul eater hits you but does no damage.
Unknown command.
Unknown command.
Unknown command.
Okay, then.
You feel much better.
The orc high priest hits you from afar with a +0 trident!
* * * LOW HITPOINT WARNING * * *
The soul eater hits you.
* * * LOW HITPOINT WARNING * * *
You feel drained.
The red devil hits you but does no damage.
The orc high priest prays to Beogh.
Your cyclops goes berserk!
The soul eater hits you!
* * * LOW HITPOINT WARNING * * *
You feel drained.
* * * LOW HITPOINT WARNING * * *
The red devil misses you. You furiously retaliate!
You headbutt the red devil, but do no damage.
The orc high priest completely misses you.
The orange demon stings you!
You die...

.....≈≈≈...#.......#
≈≈≈≈≈≈≈♣♣..'.......#
♣♣♣♣♣♣♣♣♣..#.)...^^#
♣♣♣##'########
♣♣♣♣♣♣♣♣♣
#...'.§§≈≈#
≈≈≈≈≈≈..#
#).)#.§≈≈≈#
≈≈≈≈≈...#
#...#C#≈≈§#
'≈≈≈≈≈#### #####4#
≈≈≈# #≈≈..○°.°○
#..o3@# ≈§§≈
#≈..+##### #...4.#
§≈≈ #...# #.....# ≈§
....# #.....# ≈
##### #+##### P ≈.
≈≈≈


You could see a soul eater (summoned), an orc high priest, an orange demon
(summoned), a red devil (summoned, ally target) and a friendly cyclops
(summoned, berserk).

Vanquished Creatures
  Rupert (D)
  Gastronok (D)
  Dowan (D)
  2 dire elephants (D)
  Erolcha (D)
  2 hydras (D)
  4 death yaks (D)
  Urug (D)
  A death drake (D)
  A lindwurm (D)
  2 deep elf pyromancers (D)
  2 orc knights (D)
  An orc sorcerer (D)
  2 elephants (D)
  2 black mambas (D)
  Duvessa (D)
  2 cane toads (D)
  A rime drake (D)
  A komodo dragon (D)
  3 wandering mushrooms (D)
  2 tyrant leeches (D)
  8 blink frogs (D)
  2 orc high priests (D)
  A shadow (D)
  5 redbacks (D)
  A spatial vortex (D)
  An orc warrior (D)
  A swamp drake (D)
  A necrophage (D)
  5 two-headed ogres (D)
  A water elemental (D)
  A scorpion (D)
  An electric eel (D)
  An orc priest (D)
  A jelly (D)
  Jessica (D)
  A wizard (D)
  A necromancer (D)
  2 orc wizards (D)
  3 humans (D)
  A kobold demonologist (D)
  12 orcs (D)
  An endoplasm (D)
  2 rats (D)
88 creatures vanquished.

Vanquished Creatures (others)
  20 plants (D)
20 creatures vanquished.

Grand Total: 108 creatures vanquished

Notes
Turn   | Place    | Note
-------+----------+-------------------------------------------
     0 | D        | Zeld the Minotaur Berserker began the quest for the Orb.
     0 | D        | Reached XP level 1. HP: 19/19 MP: 0/0
    31 | D        | Reached ** piety under Trog
    35 | D        | Noticed Jessica
    42 | D        | Killed Jessica
    43 | D        | Reached skill level 5 in Fighting
    43 | D        | Reached skill level 5 in Axes
    43 | D        | Reached XP level 2. HP: 19/29 MP: 1/1
    43 | D        | Reached XP level 3. HP: 24/36 MP: 2/2
   160 | D        | Noticed a scorpion
   163 | D        | Killed a scorpion
   164 | D        | Reached XP level 4. HP: 45/45 MP: 3/3
   240 | D        | Noticed a water elemental
   245 | D        | Killed a water elemental
   245 | D        | Reached *** piety under Trog
   246 | D        | Reached skill level 5 in Armour
   246 | D        | Reached skill level 5 in Dodging
   246 | D        | Reached XP level 5. HP: 53/53 MP: 4/4
   323 | D        | Found a radiant altar of Vehumet.
   323 | D        | Found a shimmering blue altar of Sif Muna.
   323 | D        | Found an ancient bone altar of Kikubaaqudgha.
   329 | D        | Noticed a smoke demon
   545 | D        | Found a glowing silver altar of Zin.
   545 | D        | Found a glowing golden altar of the Shining One.
   545 | D        | Found a white marble altar of Elyvilon.
   546 | D        | Noticed a deep elf pyromancer
   555 | D        | Killed a deep elf pyromancer
   555 | D        | Reached **** piety under Trog
   556 | D        | Reached XP level 6. HP: 39/68 MP: 5/5
   556 | D        | Reached XP level 7. HP: 43/74 MP: 6/6
   876 | D        | Found a hide-covered altar of Uskayaw.
   876 | D        | Found an iron altar of Okawaru.
   876 | D        | Found a bloodstained altar of Trog.
   876 | D        | Found an ornate altar of the Wu Jian Council.
   876 | D        | Noticed a human
   877 | D        | Noticed a human
   882 | D        | Killed a human
   886 | D        | Killed a human
  1046 | D        | Found a basalt altar of Yredelemnul.
  1046 | D        | Found a shadowy altar of Dithmenos.
  1046 | D        | Found a sacrificial altar of Ru.
  1051 | D        | Reached XP level 8. HP: 85/85 MP: 7/7
  1169 | D        | Reached ***** piety under Trog
  1213 | D        | Found a blossoming altar of Fedhas.
  1213 | D        | Found a stormy altar of Qazlal.
  1213 | D        | Found a snail-covered altar of Cheibriados.
  1213 | D        | Found a burning altar of Makhleb.
  1213 | D        | Found a shimmering altar of Xom.
  1216 | D        | Found a hazy altar of Hepliaklqana.
  1216 | D        | Found an opulent altar of Gozag.
  1216 | D        | Found a sparkling altar of Nemelex Xobeh.
  1216 | D        | Found a corrupted altar of Lugonu.
  1216 | D        | Found a viscous altar of Jiyva.
  1460 | D        | Noticed a two-headed ogre
  1466 | D        | Killed a two-headed ogre
  1467 | D        | Reached skill level 10 in Armour
  1725 | D        | Noticed a two-headed ogre
  1725 | D        | Noticed Erolcha
  1731 | D        | Killed a two-headed ogre
  1732 | D        | Reached XP level 9. HP: 96/96 MP: 8/8
  1739 | D        | Killed Erolcha
  1739 | D        | Received a gift from Trog
  1740 | D        | Reached skill level 15 in Fighting
  1740 | D        | Reached skill level 15 in Axes
  1740 | D        | Reached skill level 10 in Dodging
  2370 | D        | Noticed a wandering mushroom
  2444 | D        | Noticed a wandering mushroom
  2446 | D        | Noticed a wandering mushroom
  2449 | D        | Killed a wandering mushroom
  2720 | D        | Noticed a cane toad
  2720 | D        | Noticed a komodo dragon
  2720 | D        | Noticed a cane toad
  2723 | D        | Killed a cane toad
  2723 | D        | Received a gift from Trog
  2724 | D        | Killed a cane toad
  2725 | D        | Reached XP level 10. HP: 108/108 MP: 3/9
  3067 | D        | Reached ****** piety under Trog
  3073 | D        | Received a gift from Trog
  3412 | D        | Noticed Rupert
  3423 | D        | Killed Rupert
  3681 | D        | Noticed a death yak
  3682 | D        | Noticed a death yak
  3682 | D        | Noticed a death yak
  3685 | D        | Noticed a death yak
  3689 | D        | Killed a death yak
  3693 | D        | Killed a death yak
  3694 | D        | Reached XP level 11. HP: 64/121 MP: 3/10
  3700 | D        | Killed a death yak
  3704 | D        | Killed a death yak
  3712 | D        | Received a gift from Trog
  3919 | D        | Noticed an azure jelly
  3919 | D        | Noticed an azure jelly
  3933 | D        | Noticed an azure jelly
  3933 | D        | Noticed an azure jelly
  4240 | D        | Noticed a dire elephant
  4240 | D        | Noticed a dire elephant
  4240 | D        | Noticed Gastronok
  4250 | D        | Killed a dire elephant
  4254 | D        | Killed a dire elephant
  4261 | D        | Killed Gastronok
  4607 | D        | Received a gift from Trog
  5419 | D        | Noticed a lindwurm
  5427 | D        | Killed a lindwurm
  5695 | D        | Noticed Urug
  5701 | D        | Killed Urug
  5702 | D        | Reached skill level 15 in Armour
  5985 | D        | Noticed a four-headed hydra
  5985 | D        | Noticed a four-headed hydra
  5994 | D        | Killed a two-headed hydra
  5994 | D        | Received a gift from Trog
  5995 | D        | Reached XP level 12. HP: 136/136 MP: 3/11
  5998 | D        | Killed a two-headed hydra
  6491 | D        | Found Peh Aqe's Antique Armour Boutique.
  6498 | D        | Received a gift from Trog
  6506 | D        | Received a gift from Trog
  6513 | D        | Received a gift from Trog
  6748 | D        | Bought a cloak for 126 gold pieces
  6824 | D        | Noticed Dowan
  6824 | D        | Noticed Duvessa
  6830 | D        | Killed Dowan
  6835 | D        | Killed Duvessa
  7268 | D        | HP: 4/132 [soul eater[an orc high priest] (4)]
  7268 | D        | Slain by an orange demon

Illustrated notes

Levels and vault maps discovered:
D:        dungeon_sprint_mu [sprint_mu_entry_cave, sprint_mu_temple_rooms,
          sprint_mu_d1_spiders, sprint_mu_d2_genie, sprint_mu_d3_branching,
          sprint_mu_orc_legion, sprint_mu_elf_gauntlet, sprint_mu_hive_nellie,
          sprint_mu_lair_fedhas, sprint_mu_vaults_butterflies,
          sprint_mu_slime_circle, sprint_mu_swamp_cave, sprint_mu_shoals_kraken,
          sprint_mu_blade_basic, sprint_mu_crypt_fortress,
          sprint_mu_tomb_spiral, sprint_mu_vestibule_basic,
          sprint_mu_gehenna_hellfire, sprint_mu_dis_giant,
          sprint_mu_tartarus_statrot, sprint_mu_cocytus_islands, sprint_mu_zot1]

Skill      XL: |  1  2  3  4  5  6  7  8  9 10 11 12 |
---------------+-------------------------------------+-----
Fighting       | 5 6 8 11 12 14 16 18 21 22 | 22.2
Axes           | 5 6 8 11 12 14 16 18 21 22 | 22.3
Armour         | 3 4 5 8 10 11 13 15 16 | 16.0
Dodging        | 3 4 5 7 8 9 10 12 14 | 14.8

Action                   |  1- 3 |  4- 6 |  7- 9 | 10-12 || total
-------------------------+-------+-------+-------+-------++-------
Melee: Hand axe          |     9 |    30 |    46 |       ||    85
       Headbutt          |     2 |     8 |    18 |    35 ||    63
       Punch             |       |     1 |     1 |       ||     2
       Executioner's axe |       |       |    15 |    49 ||    64
       Battleaxe         |       |       |       |   105 ||   105
Invok: Berserk           |     1 |     1 |     7 |     9 ||    18
       Brothers in Arms  |       |       |       |     1 ||     1
  Use: Scroll            |       |       |       |     1 ||     1
       Potion            |       |       |       |     1 ||     1
 Stab: Confused          |       |       |       |     1 ||     1
       Sleeping          |       |       |       |     2 ||     2
Armor: Animal skin       |     1 |     1 |     1 |     9 ||    12
       Plate armour      |       |       |       |    10 ||    10
Dodge: Dodged            |     4 |    12 |    28 |    67 ||   111
